Kradschützen Motorcycle Team
Selects Italian Combined Arms Battlegroup
Selects Italian Combined Arms Battlegroup
Selects Italian Combined Arms Battlegroup
Selects Bersaglieri Squad
Construct Light Support Kompanie
Selects Bersaglieri Bolster
Panzerjäger Mechanized Group
Pak 38 Anti-tank Gun Team
Selects Breda Model 30 Light Machine Guns
Construct Mechanized Kompanie
Marder III Tank Destroyer
Selects Semovente da 75/18 Assault Gun
Marder III Tank Destroyer
Marder III Tank Destroyer
Marder III Tank Destroyer
254 Reconnaissance Tractor
254 Reconnaissance Tractor